 Dungeon Crawl Stone Soup version 0.30-a0-170-g85af917532 (webtiles) character file.

Game seed: 15583980620258370971

836 qw the Chopper (level 7, -1/44 HPs)
             Began as a Gargoyle Fighter on Sept 30, 2022.
             Killed from afar by Dowan (8 damage)
             ... with a shard of ice
             ... on level 5 of the Dungeon.
             The game lasted 00:01:48 (4825 turns).

qw the Chopper (Gargoyle Fighter)                   Turns: 4825, Time: 00:01:49

Health: -1/44      AC: 16    Str: 22    XL:     7   Next: 99%
Magic:  7/7        EV:  6    Int:  8    God:
Gold:   219        SH:  4    Dex:  9    Spells: 6/6 levels left

rFire   . . .      SeeInvis .    Y - +4 war axe (vorpal)
rCold   . . .      Faith    .    c - +0 buckler
rNeg    + . .      Spirit   .    g - +0 plate armour
rPois   inf        Reflect  .    (no helmet)
rElec   +          Harm     .    (no cloak)
rCorr   .          Rampage  .    (no gloves)
Will    .....                    (no boots)
Stlth   ..........               (no amulet)
HPRegen 0.14/turn                (no ring)
MPRegen 0.10/turn                (no ring)

@: no status effects
A: sickness immunity, AC +4, negative energy resistance 1, electricity
resistance, torment resistance 1, petrification resistance
a: no special abilities


You were on level 5 of the Dungeon.
You visited 1 branch of the dungeon, and saw 5 of its levels.

You collected 219 gold pieces.


Innate Abilities, Weirdness & Mutations

You are immune to sickness and miasma.
Your stone body is resilient. (AC +4)
You are immune to poison.
You resist negative energy. (rN+)
You are resistant to electric shocks. (rElec)
You are resistant to unholy torment.
You are immune to petrification.


   Skills:
 - Level 5.1 Fighting
 - Level 7.0 Axes
 + Level 3.2 Armour
 - Level 2.0 Dodging
 - Level 3.2 Shields


You had 6 spell levels left.
You didn't know any spells.
Your spell library was empty.

Inventory:

Hand Weapons
 i - a +2 hand axe of flaming
 Y - a +4 vorpal war axe (weapon)
Armour
 c - a +0 buckler (worn)
 g - a +0 plate armour (worn)
Scrolls
 a - a scroll of identify
Potions
 b - a potion of haste
 d - a potion of might
 e - 2 potions of curing
 l - a potion of lignification

Dungeon Overview and Level Annotations

Branches:
Dungeon (5/15)
 Temple: D:4-7

Altars:
Elyvilon
Gozag
Makhleb
Qazlal
Trog
Uskayaw
Xom

Annotations:
D:4 1 runed translucent door, Crazy Yiuf
D:5 Dowan


Message History

You hit Duvessa but do no damage.
Duvessa is lightly wounded.
Duvessa hits you with a +0 short sword!
You closely miss Duvessa.
Duvessa is lightly wounded.
You block Duvessa's attack.
You slash Duvessa!
Duvessa is moderately wounded.
Duvessa hits you but does no damage.
You barely miss Duvessa.
Duvessa is moderately wounded.
Duvessa barely misses you.
You hit Duvessa.
Duvessa is heavily wounded.
Duvessa hits you with a +0 short sword! Duvessa hits you with a +0 short sword.
You slash Duvessa!
Duvessa is almost dead.
Duvessa gestures with her weapon.
Duvessa hits you with a +0 short sword!
You hit Duvessa.
You kill Duvessa!
Dowan's eyes darken. "You have made a black mistake."
Dowan seems to find hidden reserves of power!
Dowan hits you but does no damage.
Your Dodging skill gained 2 levels and is now at level 2!
You closely miss Dowan. Dowan hits you but does no damage.
You hit Dowan.
Dowan is moderately wounded.
Dowan mumbles some strange words.
Dowan blinks!
You start resting.
Dowan is nearby!
4822 ||| Stepping ~*~*~tactically~*~*~ (hiding).
4823 ||| Stepping ~*~*~tactically~*~*~ (hiding).
Dowan points at you and mumbles some strange words.
The stone arrow hits you! Dowan casts a spell at you.
The shard of ice hits you!
You die...

.....##.##..#.###.#.# #.#
.######....###...#.#####.#
.# #####.#...:#.##.##.###
.# #..)#.....#.#.......#
.# #....#....#%..#...##.#
## #.....#...##...#....#.#
#....#.###.#...#....#.#
#...### #.#.#.#.....#
#.### #@#)#.#...### ##
#e#.#.#.### ...#...##
#...#... #...#.. .#.#.#.
.#.#. .# #.#.#.#


You could see Dowan (fast).

Vanquished Creatures
  Eustachio (D:4)
  A steam dragon (D:4)
  A water moccasin (D:2)
  Duvessa (D:5)
  Blork the orc (D:4)
  An iguana (D:4)
  Ijyb (D:4)
  2 orc wizards (D:4)
  5 gnolls
  4 adders
  4 worms
  4 dart slugs
  13 orcs
  3 endoplasms
  3 giant cockroaches
  10 goblins
  9 hobgoblins
  8 jackals
  5 quokkas
  6 ball pythons
  6 bats
  3 frilled lizards
  6 kobolds
  6 rats
104 creatures vanquished.

Vanquished Creatures (others)
  A kobold (D:3)
  4 toadstools (D:1)
5 creatures vanquished.

Grand Total: 109 creatures vanquished

Notes
Turn   | Place    | Note
-------+----------+-------------------------------------------
     0 | D:1      | qw the Gargoyle Fighter began the quest for the Orb.
     0 | D:1      | Reached XP level 1. HP: 14/14 MP: 1/1
     0 | D:1      | 0 ||| qw: Version: 0.2-a-12-gaebbb33
     0 | D:1      | 0 ||| qw: Game counter: 1629
     0 | D:1      | 0 ||| qw: Always use a shield: true
     0 | D:1      | 0 ||| qw: God list: Okawaru
     0 | D:1      | 0 ||| qw: Allow faded altars: false
     0 | D:1      | 0 ||| qw: Do Orc after D:15 true
     0 | D:1      | 0 ||| qw: Do second Lair branch before Depths: true
     0 | D:1      | 0 ||| qw: Lair rune preference: random
     0 | D:1      | 0 ||| qw: Plans: Normal, Zot:1-4, God:TSO, Crypt, Tomb,
                  | Pan, Slime:5, Hells, Abyss, Orb
     0 | D:1      | 0 ||| PLANNING D:1-11
    22 | D:1      | Reached skill level 2 in Axes
    71 | D:1      | Reached XP level 2. HP: 12/19 MP: 2/2
   185 | D:1      | 185 ||| DROPPING +0 club.
   194 | D:1      | 194 ||| Stepping ~*~*~tactically~*~*~ (stealth).
   340 | D:1      | Reached skill level 3 in Axes
   369 | D:1      | 369 ||| DROPPING +0 flail.
   398 | D:1      | Reached XP level 3. HP: 19/23 MP: 3/3
   903 | D:1      | 903 ||| UPGRADING to +0 plate armour.
   913 | D:1      | 913 ||| DROPPING +0 scale mail.
   914 | D:1      | 914 ||| READING 2 scrolls labelled WEAPSI DAORR.
   915 | D:1      | 915 ||| READING scroll labelled KECKON NOHUO.
   916 | D:1      | 916 ||| READING scroll labelled GEMAAPNIOHA.
   917 | D:1      | 917 ||| READING scroll labelled COMOYDYMMO.
   918 | D:1      | 918 ||| READING scroll labelled FAKKICAYRO.
   919 | D:1      | 919 ||| DRINKING 2 sedimented brown potions.
   968 | D:2      | 968 ||| Stepping ~*~*~tactically~*~*~ (stealth).
   969 | D:2      | 969 ||| Stepping ~*~*~tactically~*~*~ (stealth).
   970 | D:2      | 970 ||| Stepping ~*~*~tactically~*~*~ (stealth).
   971 | D:2      | 971 ||| Stepping ~*~*~tactically~*~*~ (stealth).
   972 | D:2      | 972 ||| Stepping ~*~*~tactically~*~*~ (stealth).
   973 | D:2      | 973 ||| Stepping ~*~*~tactically~*~*~ (stealth).
   974 | D:2      | 974 ||| Stepping ~*~*~tactically~*~*~ (stealth).
   975 | D:2      | 975 ||| Stepping ~*~*~tactically~*~*~ (stealth).
  1196 | D:2      | You fall into a shaft and drop 1 floor!
  1288 | D:3      | 1288 ||| DRINKING 2 bubbling black potions.
  1296 | D:3      | 1296 ||| STAIRDANCE
  1304 | D:2      | Reached XP level 4. HP: 28/28 MP: 4/4
  1341 | D:2      | 1341 ||| FLEEEEING.
  1343 | D:2      | 1343 ||| Stepping ~*~*~tactically~*~*~ (hiding).
  1348 | D:2      | Reached skill level 4 in Axes
  1348 | D:2      | 1348 ||| FLEEEEING.
  1767 | D:2      | 1767 ||| READING scroll labelled VENWUS EDAMP.
  1768 | D:2      | 1768 ||| READING scroll labelled SAOXEI TEUSKA.
  1769 | D:2      | 1769 ||| READING scroll labelled WAM YHIG APAY.
  1772 | D:2      | 1772 ||| READING scroll labelled FEPIVO NUSIOC.
  1772 | D:2      | Identified a scroll of acquirement
  1772 | D:2      | 1772 ||| ACQUIRING +4 vorpal war axe
  1772 | D:2      | Acquired a +4 vorpal war axe
  1774 | D:2      | 1774 ||| SWAPPING to +4 vorpal war axe.
  1775 | D:2      | 1775 ||| DROPPING +1 war axe.
  1776 | D:2      | 1776 ||| READING scroll labelled RUL VUOHOAR.
  1786 | D:3      | Noticed a water moccasin
  1793 | D:3      | 1793 ||| Stepping ~*~*~tactically~*~*~ (stealth).
  1794 | D:3      | 1794 ||| STAIRDANCE
  1800 | D:3      | 1800 ||| STAIRDANCE
  1804 | D:2      | Killed a water moccasin
  1805 | D:2      | Reached skill level 5 in Axes
  1805 | D:2      | Reached XP level 5. HP: 27/32 MP: 5/5
  1856 | D:3      | 1856 ||| STAIRDANCE
  1884 | D:3      | 1884 ||| STAIRDANCE
  1915 | D:3      | Found a shimmering altar of Xom.
  1947 | D:3      | 1947 ||| Stepping ~*~*~tactically~*~*~ (stealth).
  1949 | D:3      | 1949 ||| Stepping ~*~*~tactically~*~*~ (stealth).
  1965 | D:3      | 1965 ||| Stepping ~*~*~tactically~*~*~ (stealth).
  2007 | D:3      | 2007 ||| Stepping ~*~*~tactically~*~*~ (hiding).
  2013 | D:3      | Reached XP level 6. HP: 28/38 MP: 6/6
  2047 | D:3      | 2047 ||| Stepping ~*~*~tactically~*~*~ (stealth).
  2048 | D:3      | 2048 ||| Stepping ~*~*~tactically~*~*~ (stealth).
  2051 | D:3      | 2051 ||| Stepping ~*~*~tactically~*~*~ (stealth).
  2052 | D:3      | 2052 ||| Stepping ~*~*~tactically~*~*~ (stealth).
  2245 | D:3      | Found a faded altar of an unknown god.
  2297 | D:3      | Found a hide-covered altar of Uskayaw.
  2965 | D:3      | 2965 ||| READING scroll labelled XUTEFU IKIA.
  2966 | D:3      | 2966 ||| READING 3 scrolls of identify.
  2966 | D:3      | 2966 ||| IDENTIFYING purple potion
  2967 | D:3      | 2967 ||| READING 2 scrolls of identify.
  2967 | D:3      | 2967 ||| IDENTIFYING coppery potion
  2968 | D:3      | 2968 ||| DROPPING potion of magic.
  2969 | D:3      | 2969 ||| DROPPING potion of berserk rage.
  3019 | D:4      | Found a burning altar of Makhleb.
  3020 | D:4      | Noticed a steam dragon
  3021 | D:4      | 3021 ||| Stepping ~*~*~tactically~*~*~ (hiding).
  3029 | D:4      | HP: 1/38 [steam dragon] (10)]
  3030 | D:4      | 3030 ||| READING scroll of teleportation.
  3031 | D:4      | 3031 ||| DRINKING potion of heal wounds.
  3033 | D:4      | Noticed Eustachio
  3040 | D:4      | Killed Eustachio
  3041 | D:4      | Reached skill level 6 in Axes
  3113 | D:4      | Reached XP level 7. HP: 29/43 MP: 7/7
  3119 | D:4      | HP: 10/43 [orc/+0 trident (3)]
  3130 | D:4      | HP: 8/43 [orc/+0 trident (2)]
  3133 | D:4      | HP: 2/43 [orc/+0 trident (5)]
  3337 | D:4      | 3337 ||| Stepping ~*~*~tactically~*~*~ (stealth).
  3338 | D:4      | 3338 ||| Stepping ~*~*~tactically~*~*~ (stealth).
  3341 | D:4      | 3341 ||| Stepping ~*~*~tactically~*~*~ (cloud).
  3350 | D:4      | HP: 2/43 [steam dragon] (12)]
  3354 | D:4      | Killed a steam dragon
  3677 | D:4      | Found a bloodstained altar of Trog.
  3681 | D:4      | Found an opulent altar of Gozag.
  3685 | D:4      | Found a stormy altar of Qazlal.
  3770 | D:4      | Reached skill level 7 in Axes
  3889 | D:4      | Noticed Blork the orc
  3890 | D:4      | 3890 ||| Stepping ~*~*~tactically~*~*~ (stealth).
  3904 | D:4      | Killed Blork the orc
  4090 | D:4      | Noticed Ijyb
  4091 | D:4      | 4091 ||| Stepping ~*~*~tactically~*~*~ (hiding).
  4100 | D:4      | 4100 ||| DRINKING potion of curing.
  4100 | D:4      | 4100 ||| (to cure confusion)
  4103 | D:4      | Killed Ijyb
  4351 | D:4      | Found a runed translucent door.
  4352 | D:4      | Noticed Crazy Yiuf
  4450 | D:4      | 4450 ||| READING 2 scrolls labelled ONICOPN WUOS.
  4451 | D:4      | 4451 ||| READING 3 scrolls of identify.
  4451 | D:4      | 4451 ||| IDENTIFYING metallic puce potion
  4452 | D:4      | 4452 ||| READING 2 scrolls of identify.
  4452 | D:4      | 4452 ||| IDENTIFYING brown potion
  4453 | D:4      | 4453 ||| DROPPING scroll of poison.
  4454 | D:4      | 4454 ||| DROPPING potion of flight.
  4501 | D:5      | Entered Level 5 of the Dungeon
  4556 | D:5      | Found a white marble altar of Elyvilon.
  4670 | D:5      | 4670 ||| Stepping ~*~*~tactically~*~*~ (hiding).
  4805 | D:5      | Noticed Dowan
  4806 | D:5      | Noticed Duvessa
  4809 | D:5      | 4809 ||| Stepping ~*~*~tactically~*~*~ (hiding).
  4818 | D:5      | Killed Duvessa
  4822 | D:5      | 4822 ||| Stepping ~*~*~tactically~*~*~ (hiding).
  4823 | D:5      | 4823 ||| Stepping ~*~*~tactically~*~*~ (hiding).
  4824 | D:5      | HP: 7/44 [Dowan/stone arrow (12)]
  4825 | D:5      | Killed from afar by Dowan

Levels and vault maps discovered:
D:1:      ldierk_water_garden, layout_loops_cross
D:2:      layout_rooms
D:3:      layout_loops_corners, nicolae_uskayaw_dance_hall, xom_confusion_cloud,
          chequers_ecumenical_altar_simple_redux, roderic_lattice_a
D:4:      layout_cave_pools, minitemple, nicolae_overflow_crystal_walls,
          uniq_crazy_yiuf_cottage, uniq_blork_the_orc, uniq_ijyb, uniq_eustachio
D:5:      nicolae_BIG_FREAKIN_CUBE, layout_loops_ring, elyvilon_altar_3,
          uniq_duvessa

Skill      XL: |  1  2  3  4  5  6  7 |
---------------+----------------------+-----
Axes           | 2 3 5 6 7 |  7.0
Fighting       | 4 5 |  5.1
Dodging        | 2 |  2.0
Armour         | |  3.2
Shields        | |  3.2

Action                   |  1- 3 |  4- 6 |  7- 9 || total
-------------------------+-------+-------+-------++-------
Melee: War axe           |   119 |   108 |    75 ||   302
  Use: Scroll            |     5 |     9 |     3 ||    17
       Potion            |     2 |     1 |     1 ||     4
Armor: Scale mail        |    57 |       |       ||    57
       Plate armour      |    28 |    72 |    52 ||   152
Dodge: Dodged            |    51 |    35 |    23 ||   109
Block: Buckler           |    24 |    25 |    15 ||    64

Table legend:
 A = Non-vault XP
 B = Vault XP
 C = Vault XP percentage of total XP
 D = Non-vault monster count
 E = Vault monster count
 F = Vault count percentage of total count
                 A         B        C        D         E       F
            +---------+---------+-------+---------+---------+-------
      Total |     566 |     629 |  52.6 |      90 |      14 |  13.5
            +---------+---------+-------+---------+---------+-------
        D:1 |      54 |       0 |   0.0 |      24 |       0 |   0.0
        D:2 |      70 |     158 |  69.3 |      24 |       6 |  20.0
        D:3 |      84 |      19 |  18.4 |      16 |       4 |  20.0
        D:4 |     351 |     319 |  47.6 |      24 |       3 |  11.1
        D:5 |       7 |     133 |  95.0 |       2 |       1 |  33.3
            +---------+---------+-------+---------+---------+-------
